 Dungeon Crawl Stone Soup version 0.20.2-3-g29329e0561 (webtiles) character file.

144 Alfie the Skirmisher (level 5, -1/46 HPs)
             Began as a Hill Orc Fighter on Dec 14, 2022.
             Slain by Alfie's ghost (2 damage)
             ... in a sewer.
             The game lasted 00:05:32 (1687 turns).

Alfie the Skirmisher (Hill Orc Fighter)             Turns: 1687, Time: 00:05:33

Health: -1/46      AC:  7    Str: 20    XL:     5   Next: 26%
Magic:  5/5        EV:  7    Int:  8    God:
Gold:   97         SH:  9    Dex: 12    Spells: 4/4 levels left

rFire    + . .     SeeInvis .   a - +0 rapier
rCold    + . .     Gourm    .   c - +0 shield
rNeg     . . .     Faith    .   b - +0 scale mail
rPois    +         Spirit   .   (helmet restricted)
rElec    +         Reflect  .   (no cloak)
rCorr    +         Harm     .   (no gloves)
MR       .....     Clarity  +   (no boots)
Stlth    ..........             (no amulet)
Regen    0.2/turn               (no ring)
MPRegen  0.1/turn               (no ring)

@: resistant, very slightly contaminated, invisible, very slow
A: horns 1, agile 1, clarity
a: no special abilities


You were in a sewer.
You were not hungry.

You visited 1 branch of the dungeon, and saw 3 of its levels.
You also visited: Sewer.

You collected 97 gold pieces.

Inventory:

Hand Weapons
 a - a +0 rapier (weapon)
Armour
 b - a +0 scale mail (worn)
 c - a +0 shield (worn)
Jewellery
 j - an uncursed amulet of the gourmand {unknown}
Scrolls
 e - 4 scrolls of remove curse {unknown}
 i - a scroll of blinking {unknown}
 m - 3 scrolls of identify {unknown}
 o - a scroll of teleportation {unknown}
 p - a scroll of random uselessness {unknown}
Comestibles
 f - a bread ration
 l - a meat ration


   Skills:
 + Level 4.3 Fighting
 + Level 3.5 Short Blades
 + Level 3.8 Armour
 + Level 0.4 Dodging
 + Level 0.1 Stealth
 + Level 4.3 Shields


You had 4 spell levels left.
You didn't know any spells.

Dungeon Overview and Level Annotations

Branches:
Dungeon (3/15)

Altars:
Qazlal

Annotations:
Sewer Alfie's ghost, amateur HOFi


Innate Abilities, Weirdness & Mutations

You have a pair of small horns on your head.
You are agile. (Dex +2)
You possess an exceptional clarity of mind.


Message History

Alfie's ghost is moderately damaged.
You block Alfie's ghost's attack.
You hit Alfie's ghost. You headbutt Alfie's ghost.
Alfie's ghost is moderately damaged.
Alfie's ghost hits you but does no damage.
Your unstable footing causes you to fumble your attack.
Alfie's ghost hits you but does no damage. x2
You hit Alfie's ghost but do no damage. You headbutt Alfie's ghost.
Alfie's ghost is heavily damaged.
You block Alfie's ghost's attack.
You barely miss Alfie's ghost. Your headbutt misses Alfie's ghost.
Alfie's ghost is heavily damaged.
Alfie's ghost hits you.
* * * LOW HITPOINT WARNING * * *
Your unstable footing causes you to fumble your attack.
Alfie's ghost hits you but does no damage.
You hit Alfie's ghost but do no damage.
Alfie's ghost is heavily damaged.
Alfie's ghost hits you.
You die...

.≈ .r #≈ #≈ #≈
##≈## # ##≈≈.##
..#
####..≈∩≈####≈.≈..
≈≈≈≈≈.∩.≈@W†≈...≈.
#≈##.≈.≈≈####≈.≈≈.
##.≈.## ≈.# ##≈##
# #≈ #≈ #≈ #≈


You could see Alfie's ghost.

Vanquished Creatures
  3 adders
  4 gnolls (D:2)
  3 worms
  3 dart slugs
  4 leopard geckos
  3 orcs (D:3)
  10 bats
  4 giant cockroaches
  3 goblins
  6 hobgoblins
  4 jackals
  2 frilled lizards
  3 kobolds (D:2)
  7 rats
59 creatures vanquished.

Notes
Turn   | Place    | Note
-------+----------+-------------------------------------------
     0 | D:1      | Alfie the Hill Orc Fighter began the quest for the Orb.
     0 | D:1      | Reached XP level 1. HP: 19/19 MP: 1/1
   157 | D:1      | Reached XP level 2. HP: 27/27 MP: 2/2
   488 | D:1      | Reached XP level 3. HP: 23/33 MP: 3/3
   702 | D:2      | Reached XP level 4. HP: 33/40 MP: 4/4
  1412 | D:3      | Reached XP level 5. HP: 41/46 MP: 5/5
  1438 | D:3      | Found a stormy altar of Qazlal.
  1607 | D:3      | Found a glowing drain.
  1638 | Sewer    | Entered a sewer
  1642 | Sewer    | Noticed Alfie's ghost (amateur HOFi)
  1680 | Sewer    | Gained mutation: You have a pair of small horns on your head. [potion of mutation]
  1680 | Sewer    | Gained mutation: You possess an exceptional clarity of mind. [potion of mutation]
  1680 | Sewer    | Gained mutation: You are agile. (Dex +2) [potion of mutation]
  1685 | Sewer    | HP: 1/46 [Alfie's ghost (5)]
  1687 | Sewer    | Slain by Alfie's ghost

Skill      XL: |  1  2  3  4 |
---------------+-------------+-----
Fighting       | 4 |  4.3
Shields        | 4 |  4.3
Short Blades   | 3 |  3.5
Armour         | |  3.8
Dodging        | |  0.4
Stealth        | |  0.1

Action                   |  1- 3 |  4- 6 || total
-------------------------+-------+-------++-------
Melee: Rapier            |   100 |   162 ||   262
       Headbutt          |       |     2 ||     2
  Use: Potion            |     1 |     7 ||     8
  Eat: Royal jelly       |       |     1 ||     1
       Bread ration      |       |     1 ||     1
Armor: Scale mail        |    51 |    49 ||   100
Dodge: Dodged            |    36 |    47 ||    83
Block: Shield            |    67 |    82 ||   149
